 Dungeon Crawl Stone Soup version 0.30.1-4-g462c640d31 (webtiles) character file.

Game seed: 8835823437613296080

169 spardeous the Magician (level 5, -4/40 HPs)
             Began as a Djinni Conjurer on Aug 27, 2023.
             Slain by a mummy (8 damage)
             ... in an ossuary.
             The game lasted 00:02:39 (2708 turns).

spardeous the Magician (Djinni Conjurer)            Turns: 2708, Time: 00:02:39

Health: -4/40      AC:  3    Str: 10    XL:     5   Next: 79%
Gold:   111        EV: 12    Int: 19    God:
                   SH:  0    Dex: 12

rFire   + + .        n - +4 falchion "Aciutzob" {drain, Fly Str+2}
rCold   x . .        (no shield)
rNeg    . . .        t - +0 animal skin
rPois   ∞            s - +0 helmet
rElec   .            (no cloak)
rCorr   .            (no gloves)
SInv    .            (boots unavailable)
Will    .....        (no amulet)
Stlth   ++           (no ring)
HPRegen 0.26/turn    (no ring)
MPRegen 0.00/turn

%: infuse magic (-5 HP)
@: flying, very slightly contaminated
A: sickness immunity, fire resistance 2, cold vulnerability 1, float, innate
caster, HP casting, extra vitality 1
a: no special abilities


You were in an ossuary.
You visited 1 branch of the dungeon, and saw 4 of its levels.
You also visited: Ossuary.

You collected 111 gold pieces.

Inventory:

Hand Weapons
 n - the +4 falchion "Aciutzob" (weapon) {drain, Fly Str+2}
   (You found it on level 2 of the Dungeon)

   Str:       It affects your strength (+2).
   Fly:       It grants you flight.
Armour
 a - a +0 robe
 s - a +0 helmet (worn)
 t - a +0 animal skin (worn)
Jewellery
 b - a ring of willpower
Wands
 q - a wand of acid (9)
Scrolls
 c - 2 scrolls of immolation {unknown}
 d - a scroll of enchant armour {unknown}
 e - 2 scrolls of identify {unknown}
 f - a scroll of butterflies {unknown}
 g - a scroll of enchant weapon {unknown}
 h - a scroll of amnesia {unknown}
 j - 3 scrolls of poison {unknown}
 o - a scroll of torment {unknown}
 p - a scroll of fear {unknown}
 u - a scroll of acquirement {unknown}
 v - a scroll of teleportation {unknown}
Potions
 i - a potion of cancellation {unknown}
 k - a potion of resistance {unknown}
 l - a potion of heal wounds {unknown}
 m - a potion of ambrosia {unknown}
 r - a potion of mutation {unknown}


   Skills:
 + Level 3.4 Fighting
 - Level 2.1 Dodging
 - Level 1.5 Stealth
 + Level 4.3 Spellcasting


You knew the following spells:

 Your Spells              Type           Power      Damage    Failure   Level
a - Magic Dart            Conj           80%        1d7       2%          1
b - Searing Ray           Conj           40%        2d5       3%          2
c - Dazzling Flash        Conj/Hex       40%        N/A       7%          3
d - Fulminant Prism       Conj/Hex       10%        3d9       22%         4
e - Iskenderun's Mystic   Conj/Tloc      20%        2d6       22%         4
f - Slow                  Hex            80%        N/A       2%          1
g - Momentum Strike       Conj/Tloc      40%        3d9       3%          2
Your spell library was empty.

Dungeon Overview and Level Annotations

Branches:
Dungeon (4/15)            Ossuary (1/1)
 Temple: D:4-7

Altars:
Ashenzari


Innate Abilities, Weirdness & Mutations

You are immune to sickness and miasma.
You are immune to poison.
Your flesh is very heat resistant. (rF++)
You are vulnerable to cold. (rC-)
You float through the air rather than walking.
You learn spells naturally, not from books.
Your magical power is your life essence.
You have superior vitality. (+4 MHP)


Message History

The mummy hits you!
You take 11 damage, and have 26/40 hp.
MASSIVE DAMAGE!!
Casting: Magic Dart (safe; 2% risk of failure)
Confirm with . or Enter, or press ? or * to list all spells.
Aiming: Searing Ray (safe; 3% risk of failure)
Press: ? - help, Shift-Dir - straight line, f/p - mummy
Aim: a mummy (heavily damaged, 89% to hit)
The searing ray hits the mummy.
The mummy is almost destroyed. (Press . to maintain the ray.) Unknown command.
You take 2 damage, and have 26/40 hp.
The searing ray misses the mummy.
The searing ray hits the mummy but does no damage.
The mummy is almost destroyed.
You take 1 damage, and have 25/40 hp.
The searing ray hits the mummy but does no damage.
The searing ray hits the mummy.
You destroy the mummy!
The searing ray misses the mummy.
You finish channelling your searing ray.
The mummy completely misses you.
You take 1 damage, and have 24/40 hp.
Casting: Searing Ray (safe; 3% risk of failure)
Confirm with . or Enter, or press ? or * to list all spells.
Aiming: Searing Ray (safe; 3% risk of failure)
Press: ? - help, Shift-Dir - straight line, f - mummy
Aim: a mummy (89% to hit)
You miscast Searing Ray.
You are very lightly contaminated with residual magic.
Nothing appears to happen.
The human zombie hits you but does no damage.
The mummy hits you!
* * * LOW HITPOINT WARNING * * *
You take 16 damage, and have 8/40 hp.
MASSIVE DAMAGE!!
The human zombie hits you.
* * * LOW HITPOINT WARNING * * *
You take 4 damage, and have 4/40 hp.
The mummy hits you!
You die...

###### .#.#.#.
....... #####
....... ##...##
.......###.....##
................#
...........∩Z∩..#
............M@..#
.......###.....##
....... ##...##
....... #####
Z#.#.#. # ####


You could see a mummy and a human zombie.

Vanquished Creatures
  2 iguanas (D:3)
  A mummy (Ossuary)
  Robin (D:2)
  2 adders
  2 dart slugs
  7 bats
  8 endoplasms
  2 giant cockroaches (D:1)
  7 hobgoblins
  2 jackals (D:2)
  2 quokkas (D:1)
  5 ball pythons
  4 frilled lizards
  14 goblins
  2 goblin zombies (Ossuary)
  2 hobgoblin zombies (Ossuary)
  5 kobolds
  4 rats
72 creatures vanquished.

Notes
Turn   | Place    | Note
-------+----------+-------------------------------------------
     0 | D:1      | spardeous the Djinni Conjurer began the quest for the Orb.
     0 | D:1      | spardeous set off with the following spells memorised:
                  | Magic Dart, Searing Ray, Dazzling Flash, Fulminant Prism,
                  | Iskenderun's Mystic Blast.
     0 | D:1      | Reached XP level 1. HP: 15/15 MP: 0/0
   124 | D:1      | Reached skill level 1 in Fighting
   124 | D:1      | Reached XP level 2. HP: 13/22 MP: 0/0
   368 | D:1      | Reached XP level 3. HP: 26/27 MP: 0/0
   368 | D:1      | Learned a level 1 spell: Slow
   900 | D:2      | Found a broken altar of Ashenzari.
  1064 | D:2      | Noticed Robin
  1085 | D:2      | Reached XP level 4. HP: 12/33 MP: 0/0
  1302 | D:2      | Killed Robin
  1435 | D:2      | Identified the +4 falchion "Aciutzob" {drain, Fly Str+2}
  1539 | D:2      | Found a faded altar of an unknown god.
  1716 | D:3      | Reached skill level 4 in Spellcasting
  1860 | D:3      | Reached XP level 5. HP: 30/40 MP: 0/0
  1860 | D:3      | Learned a level 2 spell: Momentum Strike
  2607 | D:4      | Found a sand-covered staircase.
  2644 | Ossuary  | Entered an ossuary
  2708 | Ossuary  | Slain by a mummy

Illustrated notes

Levels and vault maps discovered:
D:1:      dpeg_arrival_rooms_c, layout_loops_ring, serial_glass,
          glass_columns_b, glass_columns_a, glass_columns_c, glass_columns_b,
          glass_columns_a, glass_columns_a
D:2:      layout_basic, basic_altar, ebering_ecumenical_altar_rust, uniq_robin
D:3:      layout_loops_ring, kennysheep_generic_room_11
D:4:      layout_basic, enter_ossuary_1
Ossuary:  minmay_ossuary_gauntlet

Skill      XL: |  1  2  3  4 |
---------------+-------------+-----
Fighting       | 1 2 3 |  3.4
Spellcasting   | 4 |  4.3
Dodging        | |  2.1
Stealth        | |  1.5

Action                     |  1- 3 |  4- 6 || total
---------------------------+-------+-------++-------
  Melee: Unarmed           |     1 |       ||     1
   Cast: Magic Dart        |    80 |    63 ||   143
         Searing Ray       |     1 |     6 ||     7
 Armour: Robe              |    11 |     3 ||    14
         Animal skin       |       |     1 ||     1
  Dodge: Dodged            |    17 |     4 ||    21
